TOP OF THE 1ST |
Montgomery Biscuits batting - Pitching for BlackIron Dragons : RHP Augusto Méndez
|
Pitching: RHP Augusto Méndez
|
|
Batting: LHB Curt Causton
|
0-0: Ball 1-0: Ball 2-0: Foul Ball, location: 2F 2-1: Swinging Strike 2-2: Strikes out swinging
|
Batting: LHB José Martínez
|
0-0: Fly out, F5 (Popup, 5F)
|
Batting: LHB Ashley Pickhills
|
0-0: Ball 1-0: Foul Ball, location: 2F 1-1: SINGLE (Flyball, 8LS)
|
Batting: RHB Yujiro Kurihara
|
0-0: Called Strike Ashley Pickhills is caught stealing 2nd base
|
Top of the 1st over - 0 run(s), 1 hit(s), 0 error(s), 0 left on base; Montgomery 0 - BlackIron 0 |
BOTTOM OF THE 1ST |
BlackIron Dragons batting - Pitching for Montgomery Biscuits : LHP Gonzalo Martínez
|
Pitching: LHP Gonzalo Martínez
|
|
Batting: RHB Boyd Pittman
|
0-0: Called Strike 0-1: Fly out, F8 (Flyball, 8LM)
|
Batting: RHB José Colón
|
0-0: Ball 1-0: Foul Ball, location: 2F 1-1: Called Strike 1-2: Ground out 6-3 (Groundball, 6)
|
Batting: SHB Rick Turner
|
0-0: Called Strike 0-1: Ball 1-1: Ball 2-1: Foul Ball, location: 2F 2-2: SOLO HOME RUN (Flyball, 8RXD), Distance : 433 ft
|
Batting: RHB Gil Palmer
|
0-0: Ball 1-0: Swinging Strike 1-1: Foul Ball, location: 2F 1-2: Foul Ball, location: 2F 1-2: Foul Ball, location: 2F 1-2: Ball 2-2: Ball 3-2: Base on Balls
|
Batting: RHB Edgardo Carrasco
|
0-0: Ball 1-0: Ball 2-0: Called Strike 2-1: Swinging Strike 2-2: Strikes out looking
|
Bottom of the 1st over - 1 run(s), 1 hit(s), 0 error(s), 1 left on base; Montgomery 0 - BlackIron 1 |
TOP OF THE 2ND |
Montgomery Biscuits batting - Pitching for BlackIron Dragons : RHP Augusto Méndez
|
Batting: RHB Yujiro Kurihara
|
0-0: Foul Ball, location: 2F 0-1: Ball 1-1: Called Strike 1-2: Foul Ball, location: 2F 1-2: Ball 2-2: Ball 3-2: Foul Ball, location: 2F 3-2: SINGLE (Groundball, 6MD)
|
Batting: RHB Warren Martin
|
0-0: Ball 1-0: Ball 2-0: Called Strike 2-1: Ball 3-1: Base on Balls Yujiro Kurihara to second
|
Batting: SHB Jack Estes
|
0-0: Called Strike 0-1: Fly out, F9 (Flyball, 9M)
|
Batting: SHB Andrew Curran
|
0-0: Fly out, F9 (Line Drive, 9M)
|
Batting: RHB Dave Dawson
|
0-0: Ball 1-0: Swinging Strike 1-1: Ball 2-1: Ball 3-1: SINGLE (Flyball, 8LS) Yujiro Kurihara to third Warren Martin to second Runner from 3rd tries for Home, SAFE, no throw or cutoff
|
Batting: RHB Pete Smith
|
0-0: Foul Ball, location: 2F 0-1: Ball Balk! Warren Martin to third Dave Dawson to second 1-1: Ball 2-1: Swinging Strike 2-2: Strikes out swinging
|
Top of the 2nd over - 1 run(s), 2 hit(s), 0 error(s), 2 left on base; Montgomery 1 - BlackIron 1 |
BOTTOM OF THE 2ND |
BlackIron Dragons batting - Pitching for Montgomery Biscuits : LHP Gonzalo Martínez
|
Batting: RHB Leroy Jamison
|
0-0: Ball 1-0: Ball 2-0: Ball 3-0: Base on Balls
|
Batting: RHB Alfredo Rangel
|
0-0: Foul Ball, location: 2F 0-1: Ball 1-1: Called Strike 1-2: Fly out, F8 (Flyball, 89D)
|
Batting: RHB Joaquín Rosales
|
0-0: Called Strike 0-1: 2-RUN HOME RUN (Line Drive, 7D), Distance : 421 ft
|
Batting: LHB Culley Vaughan
|
0-0: Ball 1-0: Ball 2-0: Ball 3-0: Called Strike 3-1: Base on Balls
|
Batting: RHB Boyd Pittman
|
0-0: Ball 1-0: Swinging Strike 1-1: Called Strike 1-2: Strikes out swinging
|
Batting: RHB José Colón
|
0-0: Ball 1-0: Ball Wild Pitch! Culley Vaughan to second 2-0: Called Strike 2-1: Ball 3-1: Foul Ball, location: 2F 3-2: Foul Ball, location: 2F 3-2: Base on Balls
|
Batting: SHB Rick Turner
|
0-0: Ball 1-0: Ball 2-0: Ball 3-0: Called Strike 3-1: Base on Balls Culley Vaughan to third José Colón to second
|
Batting: RHB Gil Palmer
|
0-0: Foul Ball, location: 2F 0-1: Ball 1-1: Ball 2-1: Ball 3-1: Base on Balls Culley Vaughan scores José Colón to third Rick Turner to second
|
Batting: RHB Edgardo Carrasco
|
0-0: Ball 1-0: Fly out, F8 (Flyball, 78D)
|
Bottom of the 2nd over - 3 run(s), 1 hit(s), 0 error(s), 3 left on base; Montgomery 1 - BlackIron 4 |
TOP OF THE 3RD |
Montgomery Biscuits batting - Pitching for BlackIron Dragons : RHP Augusto Méndez
|
Batting: LHB Curt Causton
|
0-0: Called Strike 0-1: SOLO HOME RUN (Flyball, 89XD), Distance : 430 ft
|
Batting: LHB José Martínez
|
0-0: Ball 1-0: Ball 2-0: Foul Ball, location: 2F 2-1: Ball 3-1: Called Strike 3-2: Base on Balls
|
Batting: LHB Ashley Pickhills
|
0-0: Swinging Strike 0-1: Foul Ball, location: 2F 0-2: Ball 1-2: Ball 2-2: Ball 3-2: Fly out, F5 (Line Drive, 5)
|
Batting: RHB Yujiro Kurihara
|
0-0: Ball 1-0: Ball 2-0: Grounds into double play, 3-6-1 (Groundball, 3)
|
Top of the 3rd over - 1 run(s), 1 hit(s), 0 error(s), 0 left on base; Montgomery 2 - BlackIron 4 |
BOTTOM OF THE 3RD |
BlackIron Dragons batting - Pitching for Montgomery Biscuits : LHP Gonzalo Martínez
|
Batting: RHB Leroy Jamison
|
0-0: Fly out, F6 (Popup, 6)
|
Batting: RHB Alfredo Rangel
|
0-0: Ball 1-0: Ball 2-0: Fly out, F8 (Flyball, 8RXD)
|
Batting: RHB Joaquín Rosales
|
0-0: Called Strike 0-1: Fly out, F7 (Flyball, 78S)
|
Bottom of the 3rd over - 0 run(s), 0 hit(s), 0 error(s), 0 left on base; Montgomery 2 - BlackIron 4 |
TOP OF THE 4TH |
Montgomery Biscuits batting - Pitching for BlackIron Dragons : RHP Augusto Méndez
|
Batting: RHB Warren Martin
|
0-0: Ball 1-0: Foul Ball, location: 2F 1-1: Ball 2-1: DOUBLE (Line Drive, 5L)
|
Batting: SHB Jack Estes
|
0-0: Called Strike 0-1: Ball 1-1: Foul Ball, location: 2F 1-2: Foul Ball, location: 2F 1-2: Foul Ball, location: 2F 1-2: Foul Ball, location: 2F 1-2: Foul Ball, location: 2F 1-2: Ball 2-2: Ball 3-2: SINGLE (Line Drive, 56) Warren Martin to third
|
Batting: SHB Andrew Curran
|
0-0: Grounds into double play, 4-6-3 (Groundball, 34) Warren Martin scores
|
Batting: RHB Dave Dawson
|
0-0: Called Strike 0-1: Ball 1-1: Fly out, F7 (Flyball, 7LD)
|
Top of the 4th over - 1 run(s), 2 hit(s), 0 error(s), 0 left on base; Montgomery 3 - BlackIron 4 |
BOTTOM OF THE 4TH |
BlackIron Dragons batting - Pitching for Montgomery Biscuits : LHP Gonzalo Martínez
|
Batting: LHB Culley Vaughan
|
0-0: Ball 1-0: Called Strike 1-1: Ball 2-1: Swinging Strike 2-2: Ball 3-2: Foul Ball, location: 2F 3-2: DOUBLE (Line Drive, 89M)
|
Batting: RHB Boyd Pittman
|
0-0: Ground out U3 (Groundball, 3S) Culley Vaughan to third
|
Batting: RHB José Colón
|
0-0: Ball 1-0: Ball 2-0: Ball 3-0: Called Strike 3-1: Base on Balls
|
Batting: SHB Rick Turner
|
0-0: Ball 1-0: Called Strike 1-1: Called Strike 1-2: Fly out, F3 (Popup, 3SF)
|
Batting: RHB Gil Palmer
|
0-0: Ball 1-0: Called Strike 1-1: Foul Ball, location: 2F 1-2: Ball 2-2: Foul Ball, location: 2F 2-2: Foul Ball, location: 2F 2-2: Strikes out swinging
|
Bottom of the 4th over - 0 run(s), 1 hit(s), 0 error(s), 2 left on base; Montgomery 3 - BlackIron 4 |
TOP OF THE 5TH |
Montgomery Biscuits batting - Pitching for BlackIron Dragons : RHP Augusto Méndez
|
Batting: RHB Pete Smith
|
0-0: Called Strike 0-1: Ball 1-1: Swinging Strike 1-2: Ball 2-2: Fly out, F9 (Flyball, 9S)
|
Batting: LHB Curt Causton
|
0-0: Foul Ball, location: 2F 0-1: Ball 1-1: Ball 2-1: Ball 3-1: Swinging Strike 3-2: Foul Ball, location: 2F 3-2: Base on Balls
|
Batting: LHB José Martínez
|
0-0: Called Strike 0-1: Foul Ball, location: 2F 0-2: Foul Ball, location: 2F 0-2: Ball 1-2: Ball 2-2: SINGLE (Groundball, 5L) Curt Causton to second
|
Pitching: RHP Luis Canseco
|
|
Batting: LHB Ashley Pickhills
|
0-0: Ball 1-0: Foul Ball, location: 2F 1-1: Foul Ball, location: 2F 1-2: Foul Ball, location: 2F 1-2: Foul Ball, location: 2F 1-2: Ball 2-2: Ball 3-2: Foul Ball, location: 2F 3-2: Base on Balls Curt Causton to third José Martínez to second
|
Batting: RHB Yujiro Kurihara
|
0-0: Called Strike 0-1: Fly out, F8 (Flyball, 8LM)
|
Batting: RHB Warren Martin
|
0-0: Foul Ball, location: 2F 0-1: Ball 1-1: Foul Ball, location: 2F 1-2: Ground out 1-3 (Groundball, 15S)
|
Top of the 5th over - 0 run(s), 1 hit(s), 0 error(s), 3 left on base; Montgomery 3 - BlackIron 4 |
BOTTOM OF THE 5TH |
BlackIron Dragons batting - Pitching for Montgomery Biscuits : LHP Gonzalo Martínez
|
Batting: RHB Edgardo Carrasco
|
0-0: Ball 1-0: Ground out 4-3 (Groundball, 4)
|
Batting: RHB Leroy Jamison
|
0-0: Called Strike 0-1: Ground out 4-3 (Groundball, 34)
|
Batting: RHB Alfredo Rangel
|
0-0: Ball 1-0: Foul Ball, location: 2F 1-1: Foul Ball, location: 2F 1-2: Foul Ball, location: 2F 1-2: Strikes out swinging, 2-3 out at first.
|
Bottom of the 5th over - 0 run(s), 0 hit(s), 0 error(s), 0 left on base; Montgomery 3 - BlackIron 4 |
TOP OF THE 6TH |
Montgomery Biscuits batting - Pitching for BlackIron Dragons : RHP Luis Canseco
|
Batting: SHB Jack Estes
|
0-0: Ball 1-0: Called Strike 1-1: Ground out 4-3 (Groundball, 4)
|
Batting: SHB Andrew Curran
|
0-0: Called Strike 0-1: Called Strike 0-2: Ball 1-2: Ball 2-2: Foul Ball, location: 2F 2-2: Foul Ball, location: 2F 2-2: Ball 3-2: SINGLE (Groundball, 3D)
|
Batting: RHB Dave Dawson
|
0-0: Ball 1-0: Ball 2-0: Called Strike 2-1: SINGLE (Groundball, 5L) Andrew Curran to second
|
Batting: RHB Pete Smith
|
0-0: Ball 1-0: Ball 2-0: Grounds into double play, U6-3 (Groundball, 6)
|
Top of the 6th over - 0 run(s), 2 hit(s), 0 error(s), 1 left on base; Montgomery 3 - BlackIron 4 |
BOTTOM OF THE 6TH |
BlackIron Dragons batting - Pitching for Montgomery Biscuits : LHP Gonzalo Martínez
|
Pitching: RHP Rick Grant
|
|
Batting: RHB Joaquín Rosales
|
0-0: Called Strike 0-1: Foul Ball, location: 2F 0-2: Strikes out swinging
|
Batting: LHB Culley Vaughan
|
0-0: Ball 1-0: Called Strike 1-1: Ball 2-1: Called Strike 2-2: Strikes out swinging
|
Batting: RHB Boyd Pittman
|
0-0: Ball 1-0: Foul Ball, location: 2F 1-1: Fly out, F8 (Popup, 6MD)
|
Bottom of the 6th over - 0 run(s), 0 hit(s), 0 error(s), 0 left on base; Montgomery 3 - BlackIron 4 |
TOP OF THE 7TH |
Montgomery Biscuits batting - Pitching for BlackIron Dragons : RHP Luis Canseco
|
Batting: LHB Curt Causton
|
0-0: Called Strike 0-1: Ball 1-1: Ground out 3-1 (Groundball, 34)
|
Pitching: RHP Eduardo Delgado
|
|
Batting: LHB José Martínez
|
0-0: Foul Ball, location: 2F 0-1: Ball 1-1: Swinging Strike 1-2: Strikes out swinging
|
Batting: LHB Ashley Pickhills
|
0-0: Ball 1-0: Called Strike 1-1: Ball 2-1: Ball 3-1: Called Strike 3-2: Foul Ball, location: 2F 3-2: Base on Balls
|
Batting: RHB Yujiro Kurihara
|
0-0: Ball 1-0: Called Strike 1-1: Swinging Strike 1-2: Ball 2-2: Ground out 5-3 (Groundball, 5S)
|
Top of the 7th over - 0 run(s), 0 hit(s), 0 error(s), 1 left on base; Montgomery 3 - BlackIron 4 |
BOTTOM OF THE 7TH |
BlackIron Dragons batting - Pitching for Montgomery Biscuits : RHP Rick Grant
|
Batting: RHB José Colón
|
0-0: Ball 1-0: Ball 2-0: Ball 3-0: Base on Balls
|
Batting: SHB Rick Turner
|
0-0: Called Strike 0-1: Grounds into double play, 4-6-3 (Groundball, 4)
|
Batting: RHB Gil Palmer
|
0-0: Foul Ball, location: 2F 0-1: Swinging Strike 0-2: Ball 1-2: Ball 2-2: Strikes out swinging
|
Bottom of the 7th over - 0 run(s), 0 hit(s), 0 error(s), 0 left on base; Montgomery 3 - BlackIron 4 |
TOP OF THE 8TH |
Montgomery Biscuits batting - Pitching for BlackIron Dragons : RHP Eduardo Delgado
|
Now at 1B: Frank Maxwell
|
|
Now in RF: Donnie Cunningham
|
|
Batting: RHB Warren Martin
|
0-0: Called Strike 0-1: Ball 1-1: Ball 2-1: Foul Ball, location: 2F 2-2: Ball 3-2: Base on Balls
|
Batting: SHB Jack Estes
|
0-0: Sac Bunt - play at first, batter OUT! 1-4 Warren Martin to second
|
Pinch Hitting: SHB Terry O'Farrell
|
0-0: Ball 1-0: Ball 2-0: Ball 3-0: Foul Ball, location: 2F 3-1: Swinging Strike 3-2: Strikes out swinging
|
Batting: RHB Dave Dawson
|
0-0: Foul Ball, location: 2F 0-1: Swinging Strike 0-2: DOUBLE (Line Drive, 78XD) Warren Martin scores
|
Pinch Hitting: SHB Orlando Aguilar
|
0-0: Ball 1-0: Called Strike 1-1: Ground out 4-3 (Groundball, 4)
|
Top of the 8th over - 1 run(s), 1 hit(s), 0 error(s), 1 left on base; Montgomery 4 - BlackIron 4 |
BOTTOM OF THE 8TH |
BlackIron Dragons batting - Pitching for Montgomery Biscuits : RHP Rick Grant
|
Pitching: RHP Félix Andrade
|
|
Now at 3B: Orlando Aguilar
|
|
Now in RF: Brian MacIntosh
|
|
Batting: RHB Edgardo Carrasco
|
0-0: Called Strike 0-1: Ball 1-1: Swinging Strike 1-2: Strikes out swinging
|
Pinch Hitting: LHB Leonard Young
|
0-0: Ball 1-0: Ball 2-0: SOLO HOME RUN (Flyball, 8LXD), Distance : 425 ft
|
Batting: RHB Alfredo Rangel
|
0-0: Called Strike 0-1: Ball 1-1: Called Strike 1-2: Ball 2-2: SINGLE (Line Drive, 89S)
|
Batting: RHB Joaquín Rosales
|
0-0: Called Strike 0-1: Swinging Strike 0-2: Ball 1-2: Foul Ball, location: 2F 1-2: Foul Ball, location: 2F 1-2: Ball 2-2: Strikes out swinging
|
Batting: LHB Culley Vaughan
|
0-0: Called Strike 0-1: Swinging Strike 0-2: Foul Ball, location: 2F 0-2: Strikes out looking
|
Bottom of the 8th over - 1 run(s), 2 hit(s), 0 error(s), 1 left on base; Montgomery 4 - BlackIron 5 |
TOP OF THE 9TH |
Montgomery Biscuits batting - Pitching for BlackIron Dragons : RHP Eduardo Delgado
|
Now in LF: Raúl Leal
|
|
Batting: LHB Curt Causton
|
0-0: Called Strike 0-1: Ball 1-1: Ball 2-1: Swinging Strike 2-2: Ball 3-2: DOUBLE (Line Drive, 9LM)
|
Batting: LHB José Martínez
|
0-0: Called Strike 0-1: Called Strike 0-2: Strikes out swinging
|
Batting: LHB Ashley Pickhills
|
0-0: Ball 1-0: Called Strike 1-1: Fly out, F4 (Line Drive, 34D)
|
Batting: RHB Yujiro Kurihara
|
0-0: Ball 1-0: Called Strike 1-1: Swinging Strike 1-2: Ball 2-2: Strikes out swinging
|
Top of the 9th over - 0 run(s), 1 hit(s), 0 error(s), 1 left on base; Montgomery 4 - BlackIron 5 |
|